 Dungeon Crawl Stone Soup version 0.29.1-15-g9cfb28693d (webtiles) character file.

Game seed: 4570914228482218405

672 Madmarshman the Chopper (level 7, -5/61 HPs)
             Began as a Minotaur Berserker on Apr 7, 2023.
             Was a Believer of Trog.
             Slain by a gnoll sergeant
             ... wielding a +0 spear
              (10 damage)
             ... on level 5 of the Dungeon.
             The game lasted 00:30:19 (3725 turns).

Madmarshman the Chopper (Minotaur Berserker)        Turns: 3725, Time: 00:30:20

Health: -5/61      AC: 10    Str: 23    XL:     7   Next: 32%
Magic:  6/6        EV:  8    Int:  4    God:    Trog [**....]
Gold:   269        SH: 11    Dex: 10    Spells: 6/6 levels left

rFire   + . .      SeeInvis .   a - +0 hand axe
rCold   . . .      Faith    .   z - +0 tower shield
rNeg    . . .      Spirit   .   i - +0 ring mail
rPois   .          Reflect  .   (helmet restricted)
rElec   .          Harm     .   (no cloak)
rCorr   .          Rampage  .   (no gloves)
Will    .....                   (no boots)
Stlth   ..........              (no amulet)
HPRegen 0.20/turn               q - +4 ring of protection
MPRegen 0.10/turn               r - ring of protection from fire

@: on berserk cooldown
A: horns 2, retaliatory headbutt
a: Renounce Religion, Berserk, Trog's Hand


You were on level 5 of the Dungeon.
You worshipped Trog.
Trog was pleased with you.
You visited 1 branch of the dungeon, and saw 5 of its levels.

You collected 269 gold pieces.

Inventory:

Hand Weapons
 a - a +0 hand axe (weapon)
 e - a +0 mace
 l - a +0 dagger of venom
 w - a +0 whip of electrocution
 x - a +0 sling
Missiles
 h - 25 stones (quivered)
 n - 11 poisoned darts
Armour
 i - a +0 ring mail (worn)
 p - a +0 buckler
 z - a +0 tower shield (worn)
Jewellery
 q - a +4 ring of protection (left hand)
 r - a ring of protection from fire (right hand)
 t - a ring of willpower
Wands
 d - a wand of mindburst (16)
Scrolls
 f - a scroll of immolation
 g - 4 scrolls of teleportation
 s - a scroll of blinking {unknown}
 y - 3 scrolls of noise
Potions
 b - 2 potions of cancellation {unknown}
 j - a potion of berserk rage {unknown}
 k - a potion of might {unknown}
 m - a potion of brilliance {unknown}
 o - 5 potions of curing {unknown}
 u - a potion of attraction {unknown}
 v - a potion of degeneration {unknown}


   Skills:
 + Level 5.3 Fighting
 * Level 6.6 Axes
 + Level 4.6 Armour
 + Level 4.3 Dodging
 + Level 3.2 Shields


You had 6 spell levels left.
You didn't know any spells.
Your spell library was empty.

Dungeon Overview and Level Annotations

Branches:
Dungeon (5/15)
 Temple: D:4-7

Altars:
Ashenzari
Fedhas
Nemelex Xobeh
Yredelemnul
The Shining One

Shops:
D:5 [


Innate Abilities, Weirdness & Mutations

You have a pair of horns on your head.
You reflexively headbutt those who attack you in melee.


Message History

You block the gnoll sergeant's attack.
You hit the gnoll. You headbutt the gnoll!
You kill the gnoll!
Trog accepts your kill. The gnoll sergeant blocks your attack.
The gnoll sergeant hits you with a +0 spear.
The gnoll sergeant barely misses you. The gnoll sergeant closely misses you.
You hit the gnoll sergeant. You headbutt the gnoll sergeant.
The gnoll sergeant is severely wounded.
The gnoll sergeant hits you with a +0 spear.
You block the gnoll sergeant's attack.
You hit the gnoll sergeant.
You headbutt the gnoll sergeant, but do no damage.
The gnoll sergeant is almost dead.
The gnoll sergeant hits you with a +0 spear.
You block the gnoll sergeant's attack.
You hit the gnoll sergeant but do no damage.
The gnoll sergeant blocks your attack.
The gnoll sergeant is almost dead.
The gnoll sergeant hits you with a +0 spear!
* * * LOW HITPOINT WARNING * * *
You hit the gnoll sergeant.
The gnoll sergeant is almost dead.
You feel yourself speed up. You block the gnoll sergeant's attack.
The gnoll sergeant hits you but does no damage.
The gnoll sergeant hits you with a +0 spear.
* * * LOW HITPOINT WARNING * * *
You barely miss the gnoll sergeant.
The gnoll sergeant is almost dead.
You block the gnoll sergeant's attack.
You barely miss the gnoll sergeant.
The gnoll sergeant is almost dead.
The gnoll sergeant hits you with a +0 spear.
* * * LOW HITPOINT WARNING * * *
You closely miss the gnoll sergeant. You headbutt the gnoll sergeant.
The gnoll sergeant is almost dead.
You block the gnoll sergeant's attack.
The gnoll sergeant hits you with a +0 spear!
You die...

###########
..........#
..........##
...........
..........#
..........#
......g).#
......)@)#######
.......#<.......
......∩#.#+#.##.
.......#.#
.......###
....... .......
.......


You could see a gnoll sergeant.

Vanquished Creatures
  Grinder (D:3)
  A water moccasin (D:4)
  Pargi (D:3)
  An orc priest (D:4)
  An iguana (D:4)
  Robin (D:3)
  6 adders
  5 gnolls (D:5)
  An ufetubus (D:4)
  2 dart slugs (D:3)
  5 orcs
  5 endoplasms
  18 giant cockroaches
  10 goblins
  7 hobgoblins
  6 jackals
  6 quokkas
  8 ball pythons
  5 bats
  3 frilled lizards
  9 kobolds
  7 rats
109 creatures vanquished.

Vanquished Creatures (others)
  3 plants (D:1)
3 creatures vanquished.

Grand Total: 112 creatures vanquished

Notes
Turn   | Place    | Note
-------+----------+-------------------------------------------
     0 | D:1      | Madmarshman the Minotaur Berserker began the quest for the
                  | Orb.
     0 | D:1      | Reached XP level 1. HP: 19/19 MP: 0/0
    29 | D:1      | You fall into a shaft and drop 1 floor!
   284 | D:1      | Reached XP level 2. HP: 19/27 MP: 1/1
   380 | D:1      | Reached skill level 4 in Axes
   885 | D:1      | Reached XP level 3. HP: 32/33 MP: 2/2
   913 | D:1      | Found a faded altar of an unknown god.
  1118 | D:1      | Reached ** piety under Trog
  1714 | D:2      | Found a sparkling altar of Nemelex Xobeh.
  1757 | D:3      | Noticed Grinder
  1781 | D:3      | Killed Grinder
  1782 | D:3      | Reached skill level 5 in Axes
  1782 | D:3      | Reached XP level 4. HP: 25/41 MP: 3/3
  1782 | D:3      | Reached XP level 5. HP: 29/47 MP: 4/4
  1820 | D:3      | Reached XP level 6. HP: 53/53 MP: 5/5
  1928 | D:3      | Noticed Pargi
  1941 | D:3      | Killed Pargi
  1942 | D:3      | Noticed Robin
  1954 | D:3      | Killed Robin
  1957 | D:3      | Reached skill level 6 in Axes
  2862 | D:4      | Reached skill level 5 in Fighting
  3070 | D:4      | Found a glowing golden altar of the Shining One.
  3074 | D:4      | Found a basalt altar of Yredelemnul.
  3077 | D:4      | Noticed an angel
  3093 | D:4      | Noticed a profane servitor
  3244 | D:4      | Found a blossoming altar of Fedhas.
  3278 | D:4      | Reached XP level 7. HP: 42/61 MP: 6/6
  3449 | D:4      | Found a broken altar of Ashenzari.
  3688 | D:5      | Entered Level 5 of the Dungeon
  3707 | D:5      | Found Xoyteb's Armour Boutique.
  3725 | D:5      | Slain by a gnoll sergeant

Illustrated notes

Levels and vault maps discovered:
D:1:      lightli_arrival_boilingwater, layout_rooms,
          ebering_ecumenical_altar_rust, lexackson_kobold_supper
D:2:      layout_loops_cross, basic_altar, minivault_24
D:3:      minmay_roachtagon, layout_loops_ring, nicolae_figureground_sparkle,
          uniq_grinder, uniq_pargi, uniq_robin
D:4:      layout_rooms, grunt_temple_overflow_holy_war,
          ashenzari_conservatory_becter, mainiacjoe_overflow_six_doors_small
D:5:      layout_basic, serial_shops, nicolae_shop_hallway_plus, shop,
          kennysheep_little_box, nicolae_stop_n_shop_1,
          nicolae_inconvenience_store, uniq_menkaure

Skill      XL: |  1  2  3  4  5  6  7 |
---------------+----------------------+-----
Axes           | 4 5 6 |  6.6
Fighting       | 4 5 |  5.3
Armour         | 3 4 |  4.6
Dodging        | 3 4 |  4.3
Shields        | 2 3 |  3.2

Action                   |  1- 3 |  4- 6 |  7- 9 || total
-------------------------+-------+-------+-------++-------
Melee: Hand axe          |    93 |   121 |    31 ||   245
       Headbutt          |     7 |    23 |    11 ||    41
       Punch             |     1 |       |       ||     1
Throw: Stone             |       |     6 |       ||     6
Invok: Berserk           |     3 |     1 |     1 ||     5
       Trog's Hand       |     2 |     1 |     1 ||     4
  Use: Scroll            |     3 |     2 |       ||     5
       Potion            |     1 |       |     2 ||     3
Armor: Ring mail         |    19 |    53 |    18 ||    90
       Animal skin       |     4 |       |       ||     4
Dodge: Dodged            |    67 |    67 |    29 ||   163
Block: Buckler           |     2 |    25 |     1 ||    28
       Tower shield      |       |       |    41 ||    41
